 Dungeon Crawl Stone Soup version 0.27-a0-1147-gb3d8e82157 (webtiles) character file.

Game seed: 17332927580788093454

36 Froggeryz the Ruffian (level 3, -3/46 HPs)
             Began as a Draconian Berserker on May 11, 2021.
             Was a Follower of Trog.
             Slain by Sigmund
             ... wielding a +0 scythe
              (14 damage)
             ... on level 2 of the Dungeon.
             The game lasted 00:01:10 (1151 turns).

Froggeryz the Ruffian (Draconian Berserker)         Turns: 1151, Time: 00:01:10

Health: -3/46      AC:  5    Str: 20    XL:     3   Next: 19%
Magic:  3/3        EV: 12    Int:  7    God:    Trog [*.....]
Gold:   103        SH:  0    Dex: 10    Spells: 2/2 levels left

rFire    . . .     SeeInvis .     - Unarmed
rCold    . . .     Faith    .   (no shield)
rNeg     . . .     Spirit   .   (armour unavailable)
rPois    .         Reflect  .   (helmet restricted)
rElec    .         Harm     .   (no cloak)
rCorr    .         Rampage  .   (no gloves)
Will     .....                  (no boots)
Stlth    ..........             (no amulet)
HPRegen  0.15/turn              (no ring)
MPRegen  0.08/turn              (no ring)

@: berserking (expiring), very quick
A: AC +5, unfitting armour, cold-blooded
a: Renounce Religion, Berserk


You were on level 2 of the Dungeon.
You worshipped Trog.
Trog was aware of your devotion.
You visited 1 branch of the dungeon, and saw 2 of its levels.

You collected 103 gold pieces.

Inventory:

Scrolls
 b - 3 scrolls of silence {unknown}
 c - a scroll of holy word
Potions
 a - a potion of invisibility {unknown}


   Skills:
 - Level 3.2 Fighting
 - Level 2.6 Dodging
 * Level 4.3 Unarmed Combat


You had 2 spell levels left.
You didn't know any spells.
Your spell library was empty.

Dungeon Overview and Level Annotations

Branches:
Dungeon (2/15)

Altars:

Annotations:
D:2 Sigmund


Innate Abilities, Weirdness & Mutations

Your plain brown scales are hard. (AC +5)
You cannot fit into any form of body armour.
You are cold-blooded and may be slowed by cold attacks.


Message History

Found a stone staircase leading up.
No target in view!
No target in view!
There is a stone staircase leading up here.
There is a stone staircase leading up here.
Found a ring mail.
There is an escape hatch in the ceiling here.
A dart slug comes into view.
Sigmund the Dreaded comes into view.
He is wielding a +0 scythe.
Sigmund shouts!
There are monsters nearby!
Sigmund gestures at himself while chanting.
Sigmund flickers and vanishes!
Deactivating autopickup; reactivate with Ctrl-A.
The dart slug launches a dart at you. The slug dart misses you.
You hit the dart slug.
The dart slug is lightly wounded.
You hit the dart slug.
You tail-slap the dart slug, but do no damage.
The dart slug is moderately wounded.
The dart slug bites you but does no damage.
You punch the dart slug! You punch the dart slug.
You kill the dart slug!
Trog accepts your kill. Something hits you!
A red film seems to cover your vision as you go berserk!
You feel yourself moving faster!
You feel mighty! Something hits you.
You miss something. Something hits you!
* * * LOW HITPOINT WARNING * * *
You miss something. Something hits you but does no damage.
You closely miss something. You miss something. You tail-slap something.
Something hits you.
* * * LOW HITPOINT WARNING * * *
You miss something. You tail-slap something. You punch something!
Your punch misses something.
You hear some strange, mumbled words.
Something tries to affect you, but you resist.
You closely miss something. Something hits you!
You die...

# #...# #♣.8##.# #...##.#
#♣.♣##.# #...##.# #♣.♣##.#
#...##.# ######## #8.♣##{#
#####......# #...##@#
#.....#..... #♣.♣##.#
#.#...#..... #...##.#
#.#.###.#[.. ###
#..###.#####.#.....#...
..#########.####...........###.#.
..................#######......#.
#.################# #....###. ###
###...... #....##


There were no monsters in sight!

Vanquished Creatures
  An adder (D:2)
  A dart slug (D:2)
  5 ball pythons
  4 bats
  2 endoplasms (D:1)
  A giant cockroach (D:1)
  A goblin (D:2)
  A hobgoblin (D:1)
  2 quokkas (D:2)
  2 frilled lizards (D:2)
  2 kobolds (D:1)
  3 rats
25 creatures vanquished.

Vanquished Creatures (others)
  A fungus (D:1)
1 creature vanquished.

Grand Total: 26 creatures vanquished

Notes
Turn   | Place    | Note
-------+----------+-------------------------------------------
     0 | D:1      | Froggeryz the Draconian Berserker began the quest for the
                  | Orb.
     0 | D:1      | Reached XP level 1. HP: 19/19 MP: 1/1
    21 | D:1      | Found a faded altar of an unknown god.
   220 | D:1      | Reached XP level 2. HP: 24/26 MP: 2/2
   690 | D:2      | Reached skill level 4 in Unarmed Combat
   714 | D:2      | Reached XP level 3. HP: 31/31 MP: 3/3
  1138 | D:2      | Noticed Sigmund
  1151 | D:2      | Slain by Sigmund

Illustrated notes

Levels and vault maps discovered:
D:1:      tarquinn_simple_flora_water_d, layout_rooms,
          ebering_ecumenical_altar_rust, serial_forest,
          infiniplex_forest_clump_medium, infiniplex_forest_side_room,
          infiniplex_forest_diagonal, infiniplex_forest_pool,
          infiniplex_forest_lined_3_way, infiniplex_forest_zigzag_2
D:2:      layout_loops_ring, serial_glass, glass_columns_a, glass_columns_b,
          chequers_avenue, hangedman_abyss_or_decor_stabs,
          chequers_decorated_corner, uniq_sigmund

Skill      XL: |  1  2 |
---------------+-------+-----
Unarmed Combat | 4 |  4.3
Fighting       | |  3.2
Dodging        | |  2.6

Action                   || total
-------------------------++-------
Melee: Unarmed           ||    82
       Tailslap          ||     8
       Punch             ||     1
Invok: Berserk           ||     1
  Use: Scroll            ||     4
 Stab: Sleeping          ||     1
Armor: Skin              ||    29
Dodge: Dodged            ||    52

Table legend: (Time is in decaauts)
 A = Elapsed time spent in this place.
 B = Non-inter-level travel time spent in this place.
 C = Inter-level travel time spent in this place.
 D = Time resting spent in this place.
 E = Time spent auto-exploring this place.
 F = Levels seen in this place.
 G = Mean time per level.
                   A        B        C        D        E       F      G
               +--------+--------+--------+--------+--------+-----+--------+
         Total |   1143 |   1121 |     22 |      0 |    950 |   2 |  571.5 |
       Dungeon |   1143 |   1121 |     22 |      0 |    950 |   2 |  571.5 |
               +--------+--------+--------+--------+--------+-----+--------+

Top non-repeatable levels by time:
     D:2: 627 daAuts
     D:1: 515 daAuts
